 Dungeon Crawl Stone Soup version 0.29-a0-668-g12ee2bf84d (webtiles) character file.

Game seed: 15837600567574403756

448 hquester1 the Skirmisher (level 6, -20/56 HPs)
             Began as a Minotaur Fighter on June 23, 2022.
             Demolished by an ogre
             ... wielding a +0 giant spiked club
              (25 damage)
             ... on level 4 of the Dungeon.
             The game lasted 00:09:29 (3628 turns).

hquester1 the Skirmisher (Minotaur Fighter)         Turns: 3628, Time: 00:09:29

Health: -20/56     AC: 13    Str: 21    XL:     6   Next: 73%
Magic:  5/5        EV: 10    Int:  5    God:
Gold:   363        SH:  5    Dex: 11    Spells: 5/5 levels left

rFire   . . .      SeeInvis .   a - +1 flail
rCold   . . .      Faith    .   c - +0 buckler
rNeg    . . .      Spirit   .   n - +3 scale mail
rPois   .          Reflect  .   (helmet restricted)
rElec   .          Harm     .   w - +0 cloak
rCorr   +          Rampage  .   j - +1 pair of gloves
Will    .....                   (no boots)
Stlth   ..........              (no amulet)
HPRegen 0.18/turn               r - ring of resist corrosion
MPRegen 0.09/turn               (no ring)

@: no status effects
A: horns 2, retaliatory headbutt
a: no special abilities


You were on level 4 of the Dungeon.
You visited 1 branch of the dungeon, and saw 4 of its levels.

You collected 363 gold pieces.

Inventory:

Hand Weapons
 a - a +1 flail (weapon)
Armour
 c - a +0 buckler (worn)
 j - a +1 pair of gloves (worn)
 n - a +3 scale mail (worn)
 w - a +0 cloak (worn)
Jewellery
 i - a ring of fire
 r - a ring of resist corrosion (left hand)
Scrolls
 f - a scroll of teleportation
 k - a scroll of poison {unknown}
 m - a scroll of summoning {unknown}
 p - a scroll of enchant weapon
 s - 3 scrolls of blinking
 v - a scroll of vulnerability {unknown}
 x - a scroll of enchant armour {unknown}
Potions
 d - a potion of might
 e - 3 potions of mutation
 g - 4 potions of cancellation
 h - a potion of flight {unknown}
 l - a potion of berserk rage {unknown}
 o - 2 potions of resistance {unknown}
 q - 3 potions of heal wounds {unknown}
 t - 2 potions of curing {unknown}
 u - a potion of lignification {unknown}


   Skills:
 + Level 5.2 Fighting
 + Level 4.4 Maces & Flails
 + Level 5.2 Armour
 + Level 3.1 Dodging
 + Level 5.2 Shields


You had 5 spell levels left.
You didn't know any spells.
Your spell library contained the following spells:

 Spells                   Type           Power      Damage    Failure   Level
 Apportation              Tloc           0%         N/A       87%         1
 Necrotize                Necr           0%         1d4       87%         1
 Summon Small Mammal      Summ           0%         N/A       87%         1
 Static Discharge         Conj/Air       0%         N/A       95%         2
 Conjure Flame            Conj/Fire      0%         6-21      99%         3
 Ignite Poison            Fire/Tmut/Pois 0%         N/A       99%         3
 Vampiric Draining        Necr           0%         2d6       99%         3
 Dispel Undead            Necr           0%         3d6       100%        4
 Sticky Flame             Conj/Fire      0%         2d3       100%        4
 Agony                    Necr           0%         N/A       100%        5


Dungeon Overview and Level Annotations

Branches:
Dungeon (4/15)
 Temple: D:4-7

Altars:
Kikubaaqudgha
Nemelex Xobeh

Shops:
D:1 [


Innate Abilities, Weirdness & Mutations

You have a pair of horns on your head.
You reflexively headbutt those who attack you in melee.


Message History

You hit the jackal.
You kill the jackal!
The jackal bites you but does no damage.
You barely miss the jackal. The jackal closely misses you.
You completely miss the jackal. The jackal completely misses you.
You furiously retaliate!
You headbutt the jackal. You block the jackal's attack.
You completely miss the jackal.
The jackal is almost dead.
You block the jackal's attack.
The jackal bites you but does no damage.
You sock the jackal!
You kill the jackal!
An ogre comes into view. It is wielding a +0 giant spiked club.
The ogre shouts!
The ogre hits you with a +0 giant spiked club!!
Ouch! That really hurt!
You hit the ogre. Your headbutt misses the ogre.
The ogre is lightly wounded.
The ogre hits you with a +0 giant spiked club!
You closely miss the ogre.
The ogre is lightly wounded.
The ogre hits you but does no damage.
You barely miss the ogre.
The ogre is lightly wounded.
The ogre closely misses you.
You sock the ogre!
The ogre is heavily wounded.
You hit the ogre.
The ogre is severely wounded.
The ogre hits you with a +0 giant spiked club!
* * * LOW HITPOINT WARNING * * *
You barely miss the ogre.
The ogre is severely wounded.
The ogre hits you with a +0 giant spiked club!
* * * LOW HITPOINT WARNING * * *
You barely miss the ogre.
The ogre is severely wounded.
The ogre hits you with a +0 giant spiked club!!
You die...

####### # #####.....#.#
########...#.###.#.##^##
........................
########...#.###@..#..#
#...#.# #O..#
#######.....# #...#
#.....#.............
#.....#....####..#.##
#.....#....# #..#..
#.....###### #... ##
#.....# ##.# ##.....###


You could see an ogre.

Vanquished Creatures
  2 scorpions (D:4)
  An orc priest (D:3)
  A hound (D:3)
  Crazy Yiuf (D:3)
  Robin (D:3)
  5 gnolls (D:4)
  2 adders (D:4)
  A worm (D:4)
  4 dart slugs
  4 orcs
  12 ball pythons
  6 endoplasms
  47 goblins
  28 hobgoblins
  3 jackals
  6 kobolds
  3 quokkas
  7 bats
  A frilled lizard (D:3)
  5 rats
140 creatures vanquished.

Notes
Turn   | Place    | Note
-------+----------+-------------------------------------------
     0 | D:1      | hquester1 the Minotaur Fighter began the quest for the Orb.
     0 | D:1      | Reached XP level 1. HP: 19/19 MP: 0/0
   154 | D:1      | Found a faded altar of an unknown god.
   340 | D:1      | Found Nugrityg's Armour Emporium.
   344 | D:1      | Reached XP level 2. HP: 27/27 MP: 1/1
   890 | D:2      | Reached skill level 1 in Dodging
  1152 | D:2      | Reached XP level 3. HP: 28/33 MP: 2/2
  1694 | D:3      | Found an ancient bone altar of Kikubaaqudgha.
  1697 | D:3      | Found a sparkling altar of Nemelex Xobeh.
  1745 | D:3      | Noticed Robin
  1759 | D:3      | Reached XP level 4. HP: 40/40 MP: 3/3
  1781 | D:3      | Killed Robin
  1993 | D:3      | Reached XP level 5. HP: 31/47 MP: 4/4
  2482 | D:3      | Found a runed translucent door.
  2483 | D:3      | Noticed Crazy Yiuf
  2490 | D:3      | Killed Crazy Yiuf
  2819 | D:4      | Reached XP level 6. HP: 55/55 MP: 5/5
  2883 | D:4      | Reached skill level 5 in Fighting
  2883 | D:4      | Reached skill level 5 in Armour
  2883 | D:4      | Reached skill level 5 in Shields
  3628 | D:4      | Demolished by an ogre

Illustrated notes

Levels and vault maps discovered:
D:1:      dpeg_arrival_signposts, layout_basic,
          hellmonk_ecumenical_altar_inner_sanctum, serial_shops,
          nicolae_lakefront_shop
D:2:      layout_basic, chequers_serial_rivers_marsh, minmay_cupped
D:3:      layout_basic, grunt_temple_overflow_open, lemuel_old_faithful,
          uniq_robin, uniq_crazy_yiuf_cottage
D:4:      minmay_goblin_kobold_castle, layout_basic

Skill      XL: |  1  2  3  4  5  6 |
---------------+-------------------+-----
Dodging        | 1 2 3 |  3.1
Armour         | 4 5 |  5.2
Fighting       | 4 5 |  5.2
Shields        | 4 5 |  5.2
Maces & Flails | 3 4 |  4.4

Action                   |  1- 3 |  4- 6 || total
-------------------------+-------+-------++-------
Melee: Flail             |    73 |   214 ||   287
       Headbutt          |    12 |    25 ||    37
  Use: Scroll            |       |     5 ||     5
Armor: Scale mail        |    38 |   148 ||   186
Dodge: Dodged            |    39 |   154 ||   193
Block: Buckler           |    21 |    70 ||    91

Table legend: (Time is in decaauts)
 A = Elapsed time spent in this place.
 B = Non-inter-level travel time spent in this place.
 C = Inter-level travel time spent in this place.
 D = Time resting spent in this place.
 E = Time spent auto-exploring this place.
 F = Levels seen in this place.
 G = Mean time per level.
                   A        B        C        D        E       F      G
               +--------+--------+--------+--------+--------+-----+--------+
         Total |   3702 |   3601 |    101 |    130 |   2616 |   4 |  925.5 |
       Dungeon |   3702 |   3601 |    101 |    130 |   2616 |   4 |  925.5 |
               +--------+--------+--------+--------+--------+-----+--------+

Top non-repeatable levels by time:
     D:4: 1092 daAuts
     D:3: 906 daAuts
     D:1: 859 daAuts
     D:2: 844 daAuts
